 Dungeon Crawl Stone Soup version 0.26.1-11-gd32895ea62 (webtiles) character file.

Game seed: 11480650305636870507

245 Zeld the Chucker (level 6, 0/39 HPs)
             Began as an Octopode Brigand on May 13, 2021.
             Killed from afar by an orc wizard (5 damage)
             ... with a puff of frost
             ... on level 4 of the Dungeon.
             The game lasted 00:04:05 (5059 turns).

Zeld the Chucker (Octopode Brigand)                 Turns: 5059, Time: 00:04:05

Health: 0/39       AC:  1    Str: 12    XL:     6   Next: 10%
Magic:  6/6        EV: 13    Int: 14    God:
Gold:   73         SH:  0    Dex: 13    Spells: 5/5 levels left

rFire    . . .     SeeInvis .   a - +2 dagger
rCold    . . .     Faith    .   (no shield)
rNeg     . . .     Spirit   .   (helmet restricted)
rPois    .         Reflect  .   (no amulet)
rElec    .         Harm     .   (no ring)
rCorr    .         Rampage  .   (no ring)
Will     .....                  (no ring)
Stlth    ++++......             (no ring)
HPRegen  0.13/turn              (no ring)
MPRegen  0.10/turn              (no ring)
                                (no ring)
                                (no ring)

@: no status effects
A: almost no armour, stealthy swim, amphibious, 8 rings, constrict 8, camouflage
1, gelatinous body 1
a: no special abilities


You were on level 4 of the Dungeon.
You visited 2 branches of the dungeon, and saw 5 of its levels.

You collected 73 gold pieces.

Inventory:

Hand Weapons
 a - a +2 dagger (weapon)
Missiles
 b - 16 poisoned darts (quivered)
 c - 2 curare-tipped darts
Jewellery
 o - an uncursed ring of protection from cold {unknown}
Wands
 q - a wand of flame (5)
Scrolls
 d - 3 scrolls of enchant armour {unknown}
 f - 2 scrolls of remove curse {unknown}
 h - a scroll of immolation {unknown}
 j - 4 scrolls of blinking {unknown}
 l - a scroll of teleportation {unknown}
 p - 2 scrolls of identify {unknown}
Potions
 e - a potion of might {unknown}
 g - a potion of curing
 i - 2 potions of brilliance {unknown}
 k - 2 potions of haste {unknown}
 m - a potion of heal wounds {unknown}
 n - a potion of magic {unknown}


   Skills:
 - Level 2.0 Fighting
 * Level 2.5 Short Blades
 - Level 6.0 Throwing
 - Level 1.0 Dodging
 - Level 5.3 Stealth


You had 5 spell levels left.
You didn't know any spells.
Your spell library was empty.

Dungeon Overview and Level Annotations

Branches:
Dungeon (4/15)             Temple (1/1) D:4

Altars:
Ashenzari
Dithmenos
Gozag
Kikubaaqudgha
Makhleb
Okawaru
Qazlal
Ru
Sif Muna
Trog
Uskayaw
Vehumet
Wu Jian
Xom
Zin
The Shining One


Innate Abilities, Weirdness & Mutations

You cannot wear most types of armour.
You are very stealthy in the water. (Stealth+)
You are amphibious.
You can wear up to eight rings at the same time.
You can use your tentacles to constrict eight enemies at once.
Your skin changes colour to match your surroundings (Stealth+).
Your rubbery body absorbs attacks. (AC +1, EV +1)


Message History

The silver boomerang hits you but does no damage.
The weapon returns to the orc!
There is a staircase to the Ecumenical Temple here.
The orc throws a silver boomerang.
The silver boomerang closely misses you.
The weapon returns to the orc!
The orc priest mumbles some strange prayers to Beogh against you.
Beogh smites you!
The orc throws a silver boomerang.
The silver boomerang hits you but does no damage.
The weapon returns to the orc!
There is a fountain of clear blue water here.
The orc priest looks braver for a moment.
The orc throws a silver boomerang.
The silver boomerang hits you.
The weapon returns to the orc!
The orc priest mumbles some strange prayers to Beogh against you.
Beogh smites you!
* * * LOW HITPOINT WARNING * * *
The orc wizard points at you and mumbles some strange words.
The puff of frost hits you.
You die...

#..$........... #..⌠...⌠..#
####.........##.
........>....... ..
###....oo...###
..#...###..⌠...⌠..#
#######.###..........o.....
........#.....#.........#..
#######.......##@##.##.##.Z
##....#............Z.....o.
...._.#..........>...#...#
≈≈..≈.#............#...#.#
≈≈≈≈).#............#.....#
≈≈...##....###..##...#..##
≈≈...##..#.####..#..##....
≈≈....#.....# ##.......#
....⌠...#.###
##.†..##+#####


You could see an orc priest, an orc wizard, an orc and a bullfrog skeleton.

Vanquished Creatures
  2 orc wizards
  A worker ant (D:3)
  3 gnolls (D:4)
  5 adders
  A worm (D:3)
  3 dart slugs
  A leopard gecko (D:3)
  3 orcs
  9 bats
  A giant cockroach (D:2)
  9 goblins
  10 hobgoblins
  7 jackals (D:1)
  9 kobolds
  4 quokkas
  A ball python (D:2)
  7 frilled lizards
  9 rats
85 creatures vanquished.

Notes
Turn   | Place    | Note
-------+----------+-------------------------------------------
     0 | D:1      | Zeld the Octopode Brigand began the quest for the Orb.
     0 | D:1      | Reached XP level 1. HP: 14/14 MP: 1/1
    60 | D:2      | Reached XP level 2. HP: 14/19 MP: 2/2
    64 | D:2      | Reached skill level 3 in Throwing
   565 | D:1      | Reached XP level 3. HP: 24/24 MP: 3/3
  1532 | D:1      | Reached skill level 4 in Throwing
  1814 | D:2      | Reached XP level 4. HP: 16/29 MP: 4/4
  3084 | D:3      | Reached skill level 5 in Throwing
  3351 | D:3      | Reached XP level 5. HP: 34/34 MP: 5/5
  3633 | D:4      | Found a radiant altar of Vehumet.
  4527 | D:4      | Found a radiant altar of Vehumet.
  4550 | D:4      | Reached skill level 6 in Throwing
  4550 | D:4      | Reached XP level 6. HP: 39/39 MP: 6/6
  4590 | D:4      | Found an ancient bone altar of Kikubaaqudgha.
  4697 | D:4      | Found a staircase to the Ecumenical Temple.
  4705 | Temple   | Entered the Ecumenical Temple
  5059 | D:4      | Killed from afar by an orc wizard

Illustrated notes

Levels and vault maps discovered:
D:1:      mrwooster_arrival_statue_3, layout_basic, hex_large
D:2:      layout_rooms
D:3:      lemuel_upstairs_altar, layout_loops_ring
D:4:      layout_rooms, kiku_gazebo_pond_becter, kennysheep_mini,
          minmay_temple_entry_large_hall, serial_shops, shop,
          vehumet_altar_wand_db
Temple:   minmay_temple_curvy_branch

Skill      XL: |  1  2  3  4  5 |
---------------+----------------+-----
Throwing       | 3 4 5 6 |  6.0
Fighting       | |  2.0
Short Blades   | |  2.5
Dodging        | |  1.0
Stealth        | |  5.3

Action                   |  1- 3 |  4- 6 || total
-------------------------+-------+-------++-------
Melee: Dagger            |    91 |   110 ||   201
       Constrict         |    25 |    26 ||    51
       Tentacles         |    13 |    23 ||    36
  Use: Potion            |       |     1 ||     1
 Stab: Sleeping          |     8 |    10 ||    18
Armor: Skin              |    10 |     4 ||    14
Dodge: Dodged            |    81 |    72 ||   153
